 Dungeon Crawl Stone Soup version 0.27-a0-1308-gc08437e (webtiles) character file.

Game seed: 13487298669000272298

520 Illumine the Digger (level 7, 0/40 HPs)
             Began as a Gargoyle Earth Elementalist on June 18, 2021.
             Was an Initiate of Vehumet.
             Slain by a troll (10 damage)
             ... on level 5 of the Dungeon.
             The game lasted 00:05:03 (4880 turns).

Illumine the Digger (Gargoyle Earth Elementalist)   Turns: 4880, Time: 00:05:04

Health: 0/40       AC:  7    Str: 12    XL:     7   Next: 21%
Magic:  0/12       EV: 12    Int: 17    God:    Vehumet [......]
Gold:   200        SH:  0    Dex: 10    Spells: 9/13 levels left

rFire    . . .     SeeInvis .   g - +1 dagger (elec)
rCold    . . .     Faith    .   (no shield)
rNeg     + . .     Spirit   .   b - +0 robe
rPois    ∞         Reflect  .   (no helmet)
rElec    +         Harm     .   (no cloak)
rCorr    .         Rampage  .   p - +0 pair of gloves
Will     .....                  (no boots)
Stlth    ++........             (no amulet)
HPRegen  0.13/turn              (no ring)
MPRegen  0.13/turn              (no ring)

@: no status effects
A: sickness immunity, AC +4, negative energy resistance 1, electricity
resistance, torment resistance 1, petrification resistance
a: Renounce Religion


You were on level 5 of the Dungeon.
You worshipped Vehumet.
Vehumet was noncommittal.
You visited 2 branches of the dungeon, and saw 6 of its levels.

You collected 200 gold pieces.

Inventory:

Hand Weapons
 g - a +1 dagger of electrocution (weapon)
Missiles
 c - 78 stones
 o - 22 poisoned darts
Armour
 b - a +0 robe (worn)
 p - a +0 pair of gloves (worn)
Jewellery
 f - a ring of positive energy
 i - a ring of protection from fire
Wands
 e - a wand of mindburst (15)
Scrolls
 h - 5 scrolls of identify {unknown}
 j - a scroll of noise {unknown}
 l - a scroll of torment {unknown}
 n - a scroll of silence {unknown}
 q - 2 scrolls of immolation {unknown}
Potions
 a - 2 potions of haste {unknown}
 d - 4 potions of curing {unknown}
 k - a potion of resistance {unknown}
 m - 3 potions of cancellation {unknown}


   Skills:
 + Level 2.3 Fighting
 + Level 1.8 Short Blades
 + Level 2.6 Dodging
 - Level 2.1 Stealth
 * Level 3.7 Spellcasting
 * Level 3.0 Conjurations
 - Level 1.2 Transmutations
 * Level 5.5 Earth Magic


You had 9 spell levels left.
You knew the following spells:

 Your Spells              Type           Power      Damage    Failure   Level
a - Sandblast             Erth           44%        2d11      1%          1
b - Stone Arrow           Conj/Erth      34%        3d9       9%          3

Your spell library contained the following spells:

 Spells                   Type           Power      Damage    Failure   Level
 Passwall                 Tmut/Erth      11%        N/A       6%          2
 Animate Skeleton         Necr           6%         N/A       16%         1
 Pain                     Necr           12%        1d4       16%         1
 Petrify                  Tmut/Erth      14%        N/A       38%         4
 Vampiric Draining        Necr           1%         2d6       43%         3
 Lee's Rapid Deconstruct  Erth           11%        3d9*      43%         5
 Animate Dead             Necr           1%         N/A       85%         4
 Agony                    Necr           3%         N/A       99%         5


Dungeon Overview and Level Annotations

Branches:
Dungeon (5/15)             Temple (1/1) D:4

Altars:
Ashenzari
Cheibriados
Dithmenos
Elyvilon
Fedhas
Gozag
Makhleb
Nemelex Xobeh
Okawaru
Ru
Trog
Vehumet
Xom
Yredelemnul
Zin


Innate Abilities, Weirdness & Mutations

You are immune to sickness and miasma.
Your stone body is resilient. (AC +4)
You are immune to poison.
You resist negative energy. (rN+)
You are resistant to electric shocks. (rElec)
You are resistant to unholy torment.
You are immune to petrification.


Message History

The blast of sand misses the troll.
Casting: Sandblast (safe; 1% risk of failure)
Confirm with . or Enter, or press ? or * to list all spells.
Aiming: Sandblast (safe; 1% risk of failure)
Press: ? - help, Shift-Dir - straight line, f/p - troll
Aim: a troll (81% to hit)
The blast of sand hits the troll.
The troll is lightly wounded.
The troll misses you. The troll claws you! The troll claws you.
You barely miss the troll.
The troll is lightly wounded.
The troll misses you. The troll barely misses you. The troll claws you.
Casting: Sandblast (safe; 1% risk of failure)
Confirm with . or Enter, or press ? or * to list all spells.
Aiming: Stone Arrow (dangerous; 9% risk of failure)
Press: ? - help, Shift-Dir - straight line, f/p - troll
Aim: a troll (lightly wounded, 68% to hit)
The stone arrow hits the troll!!
The troll is severely wounded.
The troll bites you. The troll barely misses you. x2
Casting: Stone Arrow (dangerous; 9% risk of failure)
Confirm with . or Enter, or press ? or * to list all spells.
Aiming: Stone Arrow (dangerous; 9% risk of failure)
Press: ? - help, Shift-Dir - straight line, f/p - troll
Aim: a troll (severely wounded, 68% to hit)
The stone arrow hits the troll!
The troll is almost dead.
The troll bites you. The troll claws you!
* * * LOW HITPOINT WARNING * * *
The troll claws you.
* * * LOW HITPOINT WARNING * * *
Casting: Stone Arrow (dangerous; 9% risk of failure)
Confirm with . or Enter, or press ? or * to list all spells.
Aiming: Sandblast (safe; 1% risk of failure)
Press: ? - help, Shift-Dir - straight line, f/p - troll
Aim: a troll (almost dead, 81% to hit)
The blast of sand hits the troll but does no damage.
The troll is almost dead.
The troll bites you!
You die...

###########
###...T@....#
#...#######.#
#...# #.#.#.#
#...# ^^§#.#
#J#########.#
#h#(+^....'.##
..#########..#
....s# ^^^#..#
.S....#
#.#O#..#


You could see a troll.

Vanquished Creatures
  A necrophage (D:4)
  2 ogres (D:4)
  2 howler monkeys
  A jelly (D:5)
  2 iguanas (D:4)
  5 adders
  A worm (D:4)
  5 dart slugs
  4 ball pythons
  4 bats
  5 endoplasms
  6 giant cockroaches
  3 hobgoblins
  2 jackals (D:4)
  2 quokkas
  5 frilled lizards
  6 goblins
  4 kobolds
  6 rats
66 creatures vanquished.

Vanquished Creatures (others)
  2 plants (D:1)
2 creatures vanquished.

Grand Total: 68 creatures vanquished

Notes
Turn   | Place    | Note
-------+----------+-------------------------------------------
     0 | D:1      | Illumine the Gargoyle Earth Elementalist began the quest
                  | for the Orb.
     0 | D:1      | Reached XP level 1. HP: 10/10 MP: 3/3
   212 | D:1      | Reached skill level 1 in Transmutations
   213 | D:1      | Reached XP level 2. HP: 14/15 MP: 0/5
   792 | D:1      | Reached skill level 4 in Earth Magic
  1239 | D:1      | Reached XP level 3. HP: 15/19 MP: 6/6
  2103 | D:2      | Learned a level 3 spell: Stone Arrow
  2678 | D:3      | Reached XP level 4. HP: 20/24 MP: 5/7
  2942 | D:3      | Reached skill level 1 in Conjurations
  3305 | D:4      | Found a staircase to the Ecumenical Temple.
  3312 | D:4      | Reached skill level 1 in Fighting
  3357 | D:4      | Reached skill level 1 in Short Blades
  3357 | D:4      | Reached XP level 5. HP: 18/29 MP: 0/9
  3358 | Temple   | Entered the Ecumenical Temple
  3524 | Temple   | Became a worshipper of Vehumet
  3581 | D:4      | Found a broken altar of Ashenzari.
  3660 | D:4      | Noticed an ogre
  3665 | D:4      | Killed an ogre
  3730 | D:4      | Reached XP level 6. HP: 35/35 MP: 7/10
  3775 | D:4      | Found a glowing silver altar of Zin.
  4128 | D:4      | Noticed a necrophage
  4136 | D:4      | Killed a necrophage
  4137 | D:4      | Reached skill level 5 in Earth Magic
  4421 | D:4      | Reached XP level 7. HP: 25/40 MP: 9/12
  4806 | D:5      | Entered Level 5 of the Dungeon
  4845 | D:5      | Noticed a two-headed ogre
  4861 | D:5      | Noticed a troll
  4880 | D:5      | Slain by a troll

Illustrated notes

Levels and vault maps discovered:
D:1:      ncdulo_halloftheorcs, layout_loops_corners, serial_bayou_crossing
D:2:      layout_basic, dk_vineyard_3, kennysheep_generic_room_16
D:3:      layout_basic
D:4:      layout_basic, kennysheep_little_box, zin_scriptorium,
          minmay_temple_entry_mini_moons
D:5:      layout_rooms, lemuel_round_altar, grunt_tough_drop, uniq_duvessa,
          uniq_prince_ribbit1, uniq_grinder
Temple:   nicolae_temple_elliptical

Skill      XL: |  1  2  3  4  5  6  7 |
---------------+----------------------+-----
Transmutations | 1 |  1.2
Earth Magic    | 4 5 |  5.5
Dodging        | 2 |  2.6
Conjurations   | 1 2 3 |  3.0
Fighting       | 1 2 |  2.3
Short Blades   | 1 |  1.8
Spellcasting   | 3 |  3.7
Stealth        | |  2.1

Action                   |  1- 3 |  4- 6 |  7- 9 || total
-------------------------+-------+-------+-------++-------
Melee: Unarmed           |     4 |       |       ||     4
       Dagger            |    82 |    61 |    13 ||   156
       Club              |     2 |       |       ||     2
 Cast: Sandblast         |    14 |    22 |     9 ||    45
       Stone Arrow       |       |       |     2 ||     2
 Stab: Sleeping          |     3 |     3 |       ||     6
Armor: Robe              |    34 |    15 |     3 ||    52
Dodge: Dodged            |    66 |    36 |    16 ||   118

Table legend: (Time is in decaauts)
 A = Elapsed time spent in this place.
 B = Non-inter-level travel time spent in this place.
 C = Inter-level travel time spent in this place.
 D = Time resting spent in this place.
 E = Time spent auto-exploring this place.
 F = Levels seen in this place.
 G = Mean time per level.
                   A        B        C        D        E       F      G
               +--------+--------+--------+--------+--------+-----+--------+
         Total |   4894 |   4770 |    124 |    387 |   3773 |   6 |  815.7 |
       Dungeon |   4704 |   4602 |    102 |    387 |   3611 |   5 |  940.8 |
        Temple |    189 |    167 |     22 |      0 |    162 |   1 |  189.0 |
               +--------+--------+--------+--------+--------+-----+--------+

Top non-repeatable levels by time:
     D:1: 1362 daAuts
     D:4: 1337 daAuts
     D:2: 1018 daAuts
     D:3: 912 daAuts
  Temple: 189 daAuts
     D:5: 73 daAuts
